 Dungeon Crawl Stone Soup version 0.32-a0-675-gdc239d62e1 (webtiles) character file.

Game seed: 1120326850881694440

172 Mulldrifter the Shooter (level 5, 0/40 HPs)
             Began as a Formicid Hexslinger on Mar 11, 2024.
             Killed from afar by an orc wizard (3 damage)
             ... with a magic dart
             ... on level 4 of the Dungeon.
             The game lasted 00:03:39 (2281 turns).

Mulldrifter the Shooter (Formicid Hexslinger)       Turns: 2281, Time: 00:03:40

Health: 0/40       AC:  6    Str: 11 (12) XL:     5   Next: 82%
Magic:  6/6        EV: 12    Int: 11 (13) God:
Gold:   103        SH:  0    Dex: 15 (18) Spells: 6/6 levels left

rFire   . . .        a - +1 sling
rCold   . . .        (no shield)
rNeg    . . .        c - +0 robe
rPois   .            (helmet unavailable)
rElec   .            (no cloak)
rCorr   .            (no gloves)
SInv    +            (no boots)
Will    .....        (no amulet)
Stlth   +            d - +4 ring of protection
HPRegen 0.26/turn    (no ring)
MPRegen 0.10/turn

%: no passive effects
@: invisible
A: permanent stasis, dig shafts and tunnels, antennae 3, four strong arms
a: Dig, Shaft Self


You were on level 4 of the Dungeon.
You visited 1 branch of the dungeon, and saw 4 of its levels.

You collected 103 gold pieces.

Inventory:

Hand Weapons
 a - a +1 sling (weapon)
Armour
 c - a +0 robe (worn)
Jewellery
 d - a +4 ring of protection (left hand)
Wands
 h - a wand of flame (13)
Scrolls
 b - 2 scrolls of poison
 g - a scroll of fear
 j - 3 scrolls of teleportation {@r3}
Potions
 e - a potion of magic {unknown}
 m - a potion of enlightenment {unknown}


   Skills:
 + Level 2.9 Fighting
 * Level 4.1 Ranged Weapons
 - Level 1.7 Dodging
 + Level 3.1 Shields
 - Level 1.1 Spellcasting
 - Level 3.6 Hexes
 - Level 1.0 Fire Magic


You had 6 spell levels left.
You didn't know any spells.
Your spell library contained the following spells:

 Spells                   Type           Power      Damage    Failure   Level
 Jinxbite                 Hex            16%        N/A       11%         2
 Sigil of Binding         Hex            8%         N/A       22%         3
 Inner Flame              Hex/Fire       5%         N/A       36%         3
 Cause Fear               Hex            4%         N/A       58%         4
 Summon Ice Beast         Ice/Summ       0%         N/A       67%         3
 Dimensional Bullseye     Hex/Tloc       2%         N/A       83%         4
 Ignite Poison            Fire/Alch      1%         N/A       95%         4
 Fulminant Prism          Conj/Alch      0%         3d5       97%         4


Dungeon Overview and Level Annotations

Branches:
Dungeon (4/15)
 Temple: D:4-7

Altars:

Shops:
D:1 (   D:3 :(?

Annotations:
D:1 ignis


Innate Abilities, Weirdness & Mutations

You cannot be hasted, slowed, berserked, paralysed or teleported.
You can dig through walls and to a lower floor.
You have a pair of large antennae on your head. (SInv)
Your four strong arms can wield two-handed weapons with a shield.


Message History

The orc wizard is severely wounded.
The orc wizard casts a spell at you.
You are more confused.
The orc wizard barely misses you.
You bump into the stone wall.
The orc wizard hits you but does no damage.
The orc wizard hits you but does no damage.
You bump into the rock wall.
The orc wizard hits you but does no damage.
You're too confused to move!
The orc wizard barely misses you.
You bump into the rock wall.
The orc wizard mumbles some strange words.
The orc wizard flickers and vanishes for a moment.
You barely miss the orc wizard.
The orc wizard is severely wounded.
The orc wizard hits you but does no damage.
You miss the orc wizard.
The orc wizard is severely wounded.
The orc wizard hits you but does no damage.
The orc wizard casts a spell at you. The puff of flame hits you!
* * * LOW HITPOINT WARNING * * *
It was a potion of degeneration.
There was something very wrong with that liquid.
You feel weakened.
You feel dopey.
You feel clumsy.
The orc wizard hits you but does no damage.
It was a potion of curing.
You feel better.
The orc wizard points at you and mumbles some strange words.
The magic dart hits you.
* * * LOW HITPOINT WARNING * * *
It was a potion of invisibility.
You fade into invisibility!
The orc wizard casts a spell at you. The magic dart hits you.
* * * LOW HITPOINT WARNING * * *
It was a potion of berserk rage.
Your stasis prevents you from going berserk.
The orc wizard casts a spell at you. The magic dart hits you.
You die...

#...#.#
#######....###
##.....##...>.###
#........###.....
##...#.o..# #.#..#
#....#.)).# #)##..
####.#..#....###.####
#....#):.....##......
#.#.@#†#........##.##
# #..o.#.....### #.#
#.####.....# #.# ...#
#.....# #.# ###.#
#.....# #.##
#.#####.)#######...
#.................#
#..........#####.##
#..........# #.#


You could see an orc wizard (invisible, unable to see you).

Vanquished Creatures
  A bombardier beetle (D:3)
  An orc wizard (D:4)
  2 adders (D:3)
  5 dart slugs
  3 ribbon worms (D:2)
  3 orcs (D:4)
  5 endoplasms
  3 giant cockroaches (D:1)
  5 goblins
  11 hobgoblins
  3 quokkas
  6 ball pythons
  6 bats (D:1)
  3 frilled lizards
  12 kobolds
  5 rats
74 creatures vanquished.

Notes
Turn   | Place    | Note
-------+----------+-------------------------------------------
     0 | D:1      | Mulldrifter the Formicid Hexslinger began the quest for the
                  | Orb.
     0 | D:1      | Reached XP level 1. HP: 15/15 MP: 2/2
    69 | D:1      | Reached XP level 2. HP: 21/21 MP: 3/3
    84 | D:1      | Reached skill level 1 in Shields
   227 | D:1      | Reached XP level 3. HP: 27/27 MP: 4/4
   370 | D:1      | Found Ferexit's Antique Weapon Emporium.
   594 | D:1      | Reached skill level 3 in Ranged Weapons
   630 | D:1      | Found a faded altar of an unknown god.
   811 | D:2      | Reached XP level 4. HP: 33/33 MP: 5/5
  1505 | D:3      | Found Ecazi's Book Emporium.
  1532 | D:3      | Got the Annotations on Quintessence and Hail
  1594 | D:3      | Found Zewiurot's Magic Scroll Boutique.
  1690 | D:3      | Reached XP level 5. HP: 21/39 MP: 6/6
  1996 | D:3      | Found Xexki's Weapon Shoppe.
  2107 | D:3      | Identified the +1 robe of the Pit {-Cast rElec rC+++ Str-5}
  2215 | D:4      | Reached skill level 4 in Ranged Weapons
  2281 | D:4      | Killed from afar by an orc wizard

Illustrated notes

Levels and vault maps discovered:
D:1:      dpeg_arrival_shrine, layout_basic, serial_shops,
          nicolae_shop_advertising_works [nicolae_subvault_shop_adworks],
          ebering_ecumenical_altar_webs
D:2:      layout_loops_ring
D:3:      layout_basic, serial_shops, nicolae_shop_scrapyard, shop,
          nicolae_shop_stone
D:4:      layout_rooms, minmay_misc_feat_columns

Skill      XL: |  1  2  3  4  5 |
---------------+----------------+-----
Shields        | 1 2 3 |  3.1
Fighting       | 2 |  2.9
Ranged Weapons | 3 4 |  4.1
Dodging        | |  1.7
Spellcasting   | |  1.1
Hexes          | |  3.6
Fire Magic     | |  1.0

Action                     |  1- 3 |  4- 6 || total
---------------------------+-------+-------++-------
  Melee: Sling             |       |    14 ||    14
   Fire: Sling             |   109 |   133 ||   242
    Use: Potion            |       |     4 ||     4
         Scroll            |       |     2 ||     2
 Armour: Robe              |    22 |    77 ||    99
  Dodge: Dodged            |    17 |    74 ||    91

Table legend: (Time is in decaauts)
 A = Elapsed time spent in this place.
 B = Non-inter-level travel time spent in this place.
 C = Inter-level travel time spent in this place.
 D = Time resting spent in this place.
 E = Time spent auto-exploring this place.
 F = Levels seen in this place.
 G = Mean time per level.
                   A        B        C        D        E       F      G
               +--------+--------+--------+--------+--------+-----+--------+
         Total |   2347 |   2196 |    151 |     79 |   1607 |   4 |  586.8 |
       Dungeon |   2347 |   2196 |    151 |     79 |   1607 |   4 |  586.8 |
               +--------+--------+--------+--------+--------+-----+--------+

Top non-repeatable levels by time:
     D:1: 782 daAuts
     D:2: 764 daAuts
     D:3: 676 daAuts
     D:4: 124 daAuts
